 Dungeon Crawl Stone Soup version 0.29.1-2-gbd0b4ee654 (webtiles) character file.

Game seed: 12689246753473798377

213 Icepheonix32 the Changer (level 5, -1/33 HPs)
             Began as an Octopode Transmuter on Nov 18, 2022.
             Slain by Grinder (10 damage)
             ... on level 3 of the Dungeon.
             The game lasted 00:03:22 (2821 turns).

Icepheonix32 the Changer (Octopode Transmuter)      Turns: 2821, Time: 00:03:22

Health: -1/33      AC:  1    Str: 11    XL:     5   Next: 90%
Magic:  7/8        EV: 13    Int: 16    God:
Gold:   133        SH:  0    Dex: 12    Spells: 2/8 levels left

rFire   . . .      SeeInvis .     - Unarmed
rCold   . . .      Faith    .   (no shield)
rNeg    . . .      Spirit   .   (helmet currently unavailable)
rPois   .          Reflect  .   (no amulet)
rElec   .          Harm     .   (no ring)
rCorr   .          Rampage  .   (no ring)
Will    .....                   (no ring)
Stlth   +++.......              (no ring)
HPRegen 0.11/turn               (no ring)
MPRegen 0.11/turn               (no ring)
                                (no ring)
                                (no ring)

@: appendages, attractive
A: tentacle spike 3, almost no armour, amphibious, 8 rings, camouflage 1,
gelatinous body 1, (nimble swimmer 1), tentacles
a: End Transformation


You were on level 3 of the Dungeon.
One of your tentacles had grown a beastly spike.
You visited 1 branch of the dungeon, and saw 3 of its levels.

You collected 133 gold pieces.

Inventory:

Missiles
 e - 6 atropa-tipped darts
 o - 2 poisoned darts
Jewellery
 b - an amulet of guardian spirit
Scrolls
 f - 2 scrolls of fear {unknown}
 g - a scroll of noise {unknown}
 h - a scroll of teleportation
 i - 3 scrolls of amnesia
 k - a scroll of magic mapping {unknown}
 n - a scroll of identify {unknown}
Potions
 a - a potion of lignification
 c - 2 potions of attraction
 d - a potion of curing {unknown}
 j - a potion of degeneration {unknown}
 l - a potion of haste {unknown}
 m - a potion of heal wounds {unknown}


   Skills:
 + Level 1.4 Fighting
 + Level 0.6 Throwing
 + Level 2.6 Dodging
 - Level 1.0 Stealth
 - Level 3.0 Unarmed Combat
 - Level 2.2 Spellcasting
 * Level 4.6 Transmutations
 * Level 2.4 Poison Magic


You had 2 spell levels left.
You knew the following spells:

 Your Spells              Type           Power      Damage    Failure   Level
a - Beastly Appendage     Tmut           32%        N/A       3%          1
b - Spider Form           Tmut/Pois      13%        N/A       14%         3
c - Wereblood             Tmut           16%        N/A       4%          2

Your spell library contained the following spells:

 Spells                   Type           Power      Damage    Failure   Level
 Call Canine Familiar     Summ           1%         N/A       52%         3
 Portal Projectile        Hex/Tloc       2%         N/A       52%         3
 Tukima's Dance           Hex            1%         N/A       52%         3
 Ice Form                 Ice/Tmut       9%         N/A       61%         4
 Blade Hands              Tmut           8%         N/A       63%         5
 Fulminant Prism          Conj/Hex       0%         3d6       90%         4
 Iskenderun's Mystic Bla  Conj/Tloc      1%         2d3       90%         4
 Leda's Liquefaction      Hex/Erth       0%         N/A       90%         4
 Lee's Rapid Deconstruct  Erth           0%         3d5*      99%         5


Dungeon Overview and Level Annotations

Branches:
Dungeon (3/15)

Altars:
Fedhas
Hepliaklqana
Trog

Shops:
D:1 ?

Annotations:
D:3 Grinder


Innate Abilities, Weirdness & Mutations

One of your tentacles has grown a beastly spike.
You cannot wear most types of armour.
You are amphibious.
You can wear up to eight rings at the same time.
Your skin changes colour to match your surroundings (Stealth+).
Your rubbery body absorbs attacks. (AC +1, EV +1)
((You are camouflaged when in or above water. (Stealth+)))
You have tentacles for arms and can constrict up to eight enemies at once.


Message History

You barely miss the orc. You grab the orc.
You pierce the orc.
Your squeeze misses the orc.
The orc is moderately wounded.
You constrict the orc. The orc misses you.
You tentacle-slap the orc. You squeeze the orc.
You kill the orc!
No target in view!
As you open the door, it creaks loudly!
Found a stone staircase leading up.
Your transformation is almost over.
There is an open door here.
Your tentacle spike disappears.
Grinder comes into view.
Grinder is nearby!
Casting: Beastly Appendage (safe; 3% risk of failure)
Confirm with . or Enter, or press ? or * to list all spells.
One of your tentacles grows a vicious spike.
The helpless Grinder fails to defend herself.
You tentacle-slap Grinder. You grab Grinder.
You pierce Grinder.
You squeeze Grinder, but do no damage.
Grinder is lightly wounded.
You constrict Grinder. Grinder hits you!
You writhe in agony.
You tentacle-slap Grinder.
You pierce Grinder, but do no damage.
Grinder is moderately wounded.
You constrict Grinder.
Grinder struggles to blink free from constriction.
You tentacle-slap Grinder but do no damage.
You pierce Grinder.
You tentacle-slap Grinder. You squeeze Grinder.
Grinder is heavily wounded.
You constrict Grinder. Grinder hits you!
You writhe in agony.
* * * LOW HITPOINT WARNING * * *
You tentacle-slap Grinder.
You pierce Grinder, but do no damage.
Grinder is severely wounded.
You constrict Grinder. Grinder gestures at you.
You resist with significant effort.
It was a potion of attraction.
You feel attractive to monsters.
You constrict Grinder. Grinder hits you!
You die...

.#....#.#.)..# #.#
#..........
.#.#..#.###### #.#
#.######### ...#....#
#.# #.# .#.#....## #.#
#.# .#.#..#...# #.# #.#
.#.#..#.#..# #.# #.#
.#.#..#...... #.#
.#.#..####.########
.#.#............@5#
.#.#.#####...####.####
.#.# #######.####.....
.#.# .................
_§..P
.#.###########.....####
§§...
.#.................+
....P
.#############.....#
§P... .# ##....## .....
.# ########.....# .....


You could see Grinder.

Vanquished Creatures
  A hound (D:3)
  Natasha (thrice) (D:2)
  4 gnolls (D:3)
  2 adders (D:3)
  A white imp (D:3)
  A dart slug (D:2)
  An orc (D:3)
  6 bats
  2 endoplasms
  4 giant cockroaches
  5 goblins
  5 hobgoblins
  2 kobolds
  2 quokkas (D:1)
  A ball python (D:3)
  4 frilled lizards
  4 rats
48 creatures vanquished.

Notes
Turn   | Place    | Note
-------+----------+-------------------------------------------
     0 | D:1      | Icepheonix32 the Octopode Transmuter began the quest for
                  | the Orb.
     0 | D:1      | Reached XP level 1. HP: 13/13 MP: 3/3
   298 | D:1      | Reached XP level 2. HP: 18/18 MP: 3/5
   323 | D:1      | Found Irieggap's Magic Scroll Boutique.
   504 | D:1      | Found a faded altar of an unknown god.
   626 | D:1      | You fall into a shaft and drop 1 floor!
   732 | D:2      | Reached skill level 1 in Stealth
   842 | D:2      | Reached XP level 3. HP: 17/23 MP: 4/6
  1009 | D:2      | Learned a level 3 spell: Spider Form
  1012 | D:2      | Learned a level 2 spell: Wereblood
  1248 | D:2      | Noticed Natasha
  1256 | D:2      | Killed Natasha
  1257 | D:2      | Reached skill level 3 in Transmutations
  1260 | D:2      | Reached skill level 1 in Poison Magic
  1264 | D:2      | Reached XP level 4. HP: 18/28 MP: 7/7
  1615 | D:2      | Noticed Natasha
  1619 | D:2      | Killed Natasha
  1695 | D:2      | Noticed Natasha
  1707 | D:2      | Killed Natasha
  2045 | D:3      | Reached skill level 4 in Transmutations
  2045 | D:3      | Reached XP level 5. HP: 33/33 MP: 8/8
  2134 | D:3      | Found a hazy altar of Hepliaklqana.
  2158 | D:3      | Found a bloodstained altar of Trog.
  2594 | D:3      | Found a blossoming altar of Fedhas.
  2811 | D:3      | Noticed Grinder
  2821 | D:3      | Slain by Grinder

Illustrated notes

Levels and vault maps discovered:
D:1:      tarquinn_simple_flora_water_d, layout_rooms, serial_shops, shop,
          shapermc_ecumenical_altar_hornbeckon, hangedman_decor_clover_reticule,
          minmay_misc_feat_more_columns, serial_bayou_lagoon_b
D:2:      layout_basic, uniq_natasha
D:3:      layout_basic, nicolae_hepliaklqana_hazy_memory,
          mainiacjoe_overflow_paths, mainiacjoe_overflow_chevrons, uniq_grinder

Skill      XL: |  1  2  3  4 |
---------------+-------------+-----
Stealth        | 1 |  1.0
Transmutations | 3 4 |  4.6
Poison Magic   | 1 2 |  2.4
Fighting       | |  1.4
Throwing       | |  0.6
Dodging        | |  2.6
Unarmed Combat | |  3.0
Spellcasting   | |  2.2

Action                   |  1- 3 |  4- 6 || total
-------------------------+-------+-------++-------
Melee: Unarmed           |    58 |    57 ||   115
       Tentacles         |    10 |    10 ||    20
       Kick              |    17 |    13 ||    30
       Constrict         |    15 |    15 ||    30
       Punch             |     2 |     1 ||     3
Throw: Dart              |       |     3 ||     3
 Cast: Beastly Appendage |    18 |    12 ||    30
       Spider Form       |       |     1 ||     1
  Use: Scroll            |       |     4 ||     4
       Potion            |       |     1 ||     1
 Stab: Sleeping          |     5 |     6 ||    11
Armor: Skin              |    12 |     2 ||    14
Dodge: Dodged            |    38 |    47 ||    85
